AoeStats
← ogipochi_

Arena

506635667Analyzed
4v4 RM · 19d ago on Sep 14, 2026· 49m 46s· 8 players
Game mode
Random Map
Map size
Large (8 player)
Population
200
Speed
Normal
Resources
Standard
Victory
Conquest
Starting age
Dark Age
Ending age
Imperial Age
RankedLock teamsTeams togetherTeam positionsShared explorationLock speedFull tech treeHidden civsTurbo modeCheats
Victory
Defeat
🇮🇹 Turks · Italy
803
+11
🇸🇪 Magyars · Sweden
801
+11
🇺🇸 Teutons · United States
779
+12
🇹🇷 Sicilians · Türkiye
687
+17
🇯🇵 Vietnamese · Japan
732
-14
🇭🇰 Persians · Hong Kong SAR China
729
-14
🇨🇳 Persians · China
671
-12
🇮🇳 Turks · India
652
-11
ogipochi_
9:23 Loom
11:54 Feudal Age
12:29 Double-Bit Axe
12:35 Stone Mining
12:26 Horse Collar
12:41 Gold Mining
13:28 Wheelbarrow
18:43 Castle Age
18:04 Fletching
18:14 Padded Archer Armor
19:13 Bloodlines
19:11 Scale Barding Armor
19:17 Forging
20:04 Hand Cart
23:56 Elite Skirmisher
26:35 Husbandry
29:02 Bodkin Arrow
29:23 Leather Archer Armor
29:37 Ballistics
30:16 Bow Saw
30:44 Stone Shaft Mining
31:18 Fortified Wall
30:50 Treadmill Crane
31:32 Chatras
32:43 Iron Casting
33:13 Chain Barding Armor
33:09 Heavy Plow
32:57 Town Watch
37:13 Imperial Age
36:35 Thumb Ring
37:19 Imperial Skirmisher
37:23 Elite Battle Elephant
38:37 Ring Archer Armor
38:07 Bracer
38:43 Plate Barding Armor
39:14 Chemistry
39:28 Two-Man Saw
39:12 Paper Money
48:31 Pikeman
49:11 Squires
48:57 Arson
gokulsurya003
2:06 Loom
12:23 Feudal Age
14:47 Town Watch
17:11 Scale Barding Armor
19:19 Wheelbarrow
20:52 Castle Age
19:31 Wheelbarrow
19:10 Fletching
19:00 Man-at-Arms
37:46 Crossbowman
38:33 Thumb Ring
brokenlit
0:35 Loom
10:49 Feudal Age
11:23 Double-Bit Axe
11:22 Horse Collar
18:29 Forging
18:11 Fletching
21:02 Castle Age
19:31 Stone Mining
19:47 Gold Mining
33:34 Imperial Age
33:55 Scale Barding Armor
34:02 Forging
35:37 Husbandry
34:58 Cavalier
38:38 Conscription
41:54 Scale Mail Armor
42:29 Bloodlines
41:40 Light Cavalry
45:21 Iron Casting
45:07 Chain Barding Armor
Baily
11:23 Feudal Age
13:28 Wheelbarrow
14:18 Double-Bit Axe
20:48 Castle Age
20:25 Gold Mining
21:23 Stone Mining
22:12 Gold Shaft Mining
21:49 Scale Barding Armor
21:54 Forging
21:57 Bow Saw
23:23 Stone Shaft Mining
26:45 Horse Collar
32:32 Pikeman
33:12 Squires
37:32 Chain Barding Armor
37:59 Iron Casting
37:28 Scale Mail Armor
45:12 Imperial Age
46:00 Elite War Elephant
47:02 Conscription
47:46 Hand Cart
48:35 Two-Man Saw
47:37 Heavy Plow
48:53 Blast Furnace
Trinitrotoluene
6:02 Loom
12:02 Feudal Age
13:52 Wheelbarrow
13:10 Double-Bit Axe
13:07 Horse Collar
14:10 Stone Mining
18:13 Scale Barding Armor
22:24 Castle Age
20:40 Fletching
21:25 Padded Archer Armor
25:50 Heavy Plow
26:02 Bow Saw
25:47 Gold Mining
25:52 Crossbowman
26:37 Bodkin Arrow
30:29 Treadmill Crane
30:39 Light Cavalry
31:40 Leather Archer Armor
33:28 Thumb Ring
33:36 Bloodlines
34:10 Corvinian Army
34:02 Pikeman
41:00 Imperial Age
39:02 Ballistics
39:20 Scale Mail Armor
39:11 Elite Skirmisher
42:11 Conscription
42:59 Chemistry
42:44 Chain Barding Armor
46:46 Caravan
47:38 Siege Engineers
47:57 Elite Magyar Huszar
48:07 Elite Magyar Huszar
Ultimate
4:41 Loom
11:33 Feudal Age
11:59 Horse Collar
12:08 Double-Bit Axe
12:15 Gold Mining
12:14 Town Watch
12:50 Stone Mining
22:22 Wheelbarrow
22:47 Scale Mail Armor
25:49 Forging
25:40 Padded Archer Armor
25:30 Fletching
25:54 Scale Barding Armor
29:35 Castle Age
30:38 Chain Mail Armor
31:09 Hand Cart
31:19 Town Patrol
33:35 Iron Casting
33:08 Caravan
33:38 Coinage
33:23 Bow Saw
33:24 Heavy Plow
36:54 Gold Shaft Mining
37:02 Stone Shaft Mining
37:39 Sanctity
37:19 Devotion
37:14 Herbal Medicine
37:30 Fervor
38:57 Coinage
47:47 Imperial Age
45:39 Chain Barding Armor
45:14 Bodkin Arrow
45:35 Leather Archer Armor
48:58 Plate Mail Armor
49:29 Blast Furnace
48:29 Bracer
49:05 Plate Barding Armor
49:32 Chemistry
48:53 Ballistics
Afran
0:27 Loom
14:02 Feudal Age
15:16 Double-Bit Axe
15:14 Horse Collar
19:02 Castle Age
17:13 Stone Mining
18:46 Gold Mining
21:23 Heavy Plow
21:38 Bow Saw
26:02 Gold Shaft Mining
27:50 Padded Archer Armor
27:41 Fletching
28:24 Heated Shot
28:54 Ballistics
33:29 Imperial Age
36:15 Leather Archer Armor
35:56 Bodkin Arrow
37:49 Ring Archer Armor
42:23 Bracer
schmilkers
11:48 Feudal Age
12:49 Loom
16:57 Castle Age
17:48 Stone Mining
20:28 Stone Shaft Mining
21:58 Double-Bit Axe
21:55 Horse Collar
23:41 Bow Saw
24:54 Fletching
26:16 Wheelbarrow
27:01 Heavy Plow
26:58 Gold Mining
27:09 Pikeman
33:19 Imperial Age
32:18 Town Watch
32:52 Hand Cart
35:30 Two-Man Saw
34:29 Crossbowman
34:32 Halberdier
35:30 Bloodlines
36:12 Conscription
35:53 Man-at-Arms
36:19 Gambesons
36:34 Squires
36:20 Arson
36:50 Forging
37:00 Town Patrol
37:35 Ballistics
38:28 Caravan
39:13 Crop Rotation
42:10 Iron Casting
41:30 Bodkin Arrow
42:21 Long Swordsman
48:36 Blast Furnace
48:16 Elite Skirmisher
49:04 Scale Mail Armor
49:05 Padded Archer Armor
49:13 Cavalier
Connection lost

Rejoining the realm…

Still unreachable

The connection could not be restored.

Session expired

The server has moved on; the page needs a fresh start.